 Dungeon Crawl Stone Soup version 0.29.0-11-gd7f09526c8 (webtiles) character file.

Game seed: 7732732030981908425

40 smilodon the Trooper (level 3, -7/29 HPs)
             Began as a Demonspawn Fighter on Sept 5, 2022.
             Mangled by a gnoll
             ... wielding a +0 flail
              (8 damage)
             ... on level 2 of the Dungeon.
             The game lasted 00:01:30 (1218 turns).

smilodon the Trooper (Demonspawn Fighter)           Turns: 1218, Time: 00:01:30

Health: -7/29      AC:  6    Str: 17 (18) XL:     3   Next: 30%
Magic:  3/3        EV:  5    Int:  9      God:
Gold:   29         SH:  0    Dex: 12      Spells: 2/2 levels left

rFire   . . .      SeeInvis .   a - +0 war axe
rCold   . . .      Faith    .   c - +0 buckler
rNeg    . . .      Spirit   .   b - +0 scale mail
rPois   .          Reflect  .   (no helmet)
rElec   +          Harm     .   (no cloak)
rCorr   .          Rampage  .   (no gloves)
Will    .....                   (no boots)
Stlth   ..........              (no amulet)
HPRegen 0.09/turn               (no ring)
MPRegen 0.08/turn               (no ring)

@: mighty, held
A: hooves 2, deterioration 1, electricity resistance
a: no special abilities


You were on level 2 of the Dungeon.
You visited 1 branch of the dungeon, and saw 2 of its levels.

You collected 29 gold pieces.

Inventory:

Hand Weapons
 a - a +0 war axe (weapon)
Armour
 b - a +0 scale mail (worn)
 c - a +0 buckler (worn)
Jewellery
 f - a ring of ice
 g - an amulet of magic regeneration
Scrolls
 e - a scroll of identify
 i - a scroll of immolation {unknown}
 j - a scroll of noise
 k - a scroll of acquirement {unknown}
Potions
 h - a potion of ambrosia


   Skills:
 + Level 3.1 Fighting
 + Level 2.6 Axes
 + Level 3.1 Armour
 + Level 2.9 Shields


You had 2 spell levels left.
You didn't know any spells.
Your spell library was empty.

Dungeon Overview and Level Annotations

Branches:
Dungeon (2/15)

Altars:


Innate Abilities, Weirdness & Mutations

You have hoof-like feet.
Your body sometimes deteriorates upon taking damage.
You are resistant to electric shocks. (rElec)


Message History

The ball python hisses angrily.
The gnoll throws a stone.
The stone hits you.
A gnoll comes into view. It is wielding a +0 club.
The gnoll throws a throwing net.
You block the throwing net.
You see here a throwing net.
A gnoll comes into view. It is wielding a +0 spear.
The gnoll shouts!
You hear a shout!
The gnoll barely misses you.
You closely miss the ball python.
The ball python bites you but does no damage.
The ball python grabs you. The ball python constricts you.
You block the gnoll's attack.
The ball python bites you but does no damage.
The ball python constricts you.
You closely miss the ball python.
The gnoll hits you from afar with a +0 halberd!
The ball python closely misses you. The ball python constricts you.
The gnoll barely misses you.
A goblin comes into view. It is wielding a +0 dagger.
You feel very mighty all of a sudden. The ball python bites you.
The ball python constricts you.
The gnoll throws a stone.
The stone hits you but does no damage. The gnoll hits you but does no damage.
You block the gnoll's attack.
You escape the ball python's grasp.
You barely miss the ball python. You kick the ball python.
You kill the ball python!
You slash the gnoll!
The gnoll throws a throwing net.
The throwing net hits you.
You become entangled in the net!
The gnoll hits you with a +0 club.
You struggle against the net.
The gnoll hits you from afar with a +0 halberd.
* * * LOW HITPOINT WARNING * * *
The gnoll hits you with a +0 club.
* * * LOW HITPOINT WARNING * * *
Unknown command.
You struggle against the net.
The gnoll hits you from afar with a +0 halberd.
* * * LOW HITPOINT WARNING * * *
The gnoll hits you with a +0 flail!
You die...

.!....†.............#
###.>....#..........#
#......#..........#
#.......).........#
#.................#
................)..#
....................#
####....#...........#
##.....@.(......#
###g.gg#..######
....#.g....?..# ...
#.........# .
....g......#
..#.........#
............###
....#.###...# ....#.
....


You could see 4 gnolls and a goblin.

Vanquished Creatures
  3 dart slugs (D:1)
  3 endoplasms (D:1)
  2 giant cockroaches (D:1)
  2 goblins
  4 hobgoblins (D:1)
  2 jackals (D:1)
  4 kobolds (D:1)
  A ball python (D:2)
  4 bats
  4 frilled lizards
  4 rats (D:1)
33 creatures vanquished.

Notes
Turn   | Place    | Note
-------+----------+-------------------------------------------
     0 | D:1      | smilodon the Demonspawn Fighter began the quest for the
                  | Orb.
     0 | D:1      | Reached XP level 1. HP: 18/18 MP: 1/1
   206 | D:1      | Found a faded altar of an unknown god.
   218 | D:1      | Gained mutation: You have large cloven feet. [demonic
                  | ancestry]
   218 | D:1      | Reached XP level 2. HP: 12/24 MP: 2/2
   707 | D:1      | Gained mutation: You have hoof-like feet. [demonic
                  | ancestry]
   707 | D:1      | Reached XP level 3. HP: 29/29 MP: 3/3
  1050 | D:1      | Gained mutation: Your body sometimes deteriorates upon
                  | taking damage. [potion of mutation]
  1050 | D:1      | Gained mutation: You are resistant to electric shocks.
                  | (rElec) [potion of mutation]
  1218 | D:2      | HP: 1/29 [gnoll/+0 halberd (6)]
  1218 | D:2      | Mangled by a gnoll

Illustrated notes

Levels and vault maps discovered:
D:1:      minmay_arrival_solitary_statue, layout_basic, serial_curves,
          eino_curves_04, eino_curves_01, eino_curves_02,
          shapermc_ecumenical_altar_starsandcircs
D:2:      layout_rooms

Skill      XL: |  1  2 |
---------------+-------+-----
Axes           | 2 |  2.6
Armour         | 3 |  3.1
Fighting       | |  3.1
Shields        | |  2.9

Action                   || total
-------------------------++-------
Melee: War axe           ||    76
       Kick              ||     9
  Use: Potion            ||     4
       Scroll            ||     1
Armor: Scale mail        ||    42
Dodge: Dodged            ||    50
Block: Buckler           ||    17
